 Dungeon Crawl Stone Soup version 0.32-a0-540-g866d13106e (webtiles) character file.

Game seed: 809240558295837341

2921 gimp the Thaumaturge (level 9, -2/49 HPs)
             Began as a Deep Elf Air Elementalist on Feb 28, 2024.
             Was an Initiate of Vehumet.
             Slain by Joseph
             ... wielding a +0 quarterstaff
              (15 damage)
             ... on level 8 of the Dungeon.
             The game lasted 00:09:45 (8272 turns).

gimp the Thaumaturge (Deep Elf Air Elementalist)    Turns: 8272, Time: 00:09:45

Health: -2/49      AC:  2    Str:  5    XL:     9   Next: 50%
Magic:  11/27      EV: 12    Int: 25    God:    Vehumet [......]
Gold:   389        SH:  0    Dex: 15    Spells: 25/32 levels left

rFire   + . .        a - +2 short sword (venom)
rCold   . . .        (no shield)
rNeg    . . .        h - +0 robe
rPois   +            (no helmet)
rElec   .            (no cloak)
rCorr   .            (no gloves)
SInv    .            (no boots)
Will    .....        (no amulet)
Stlth   ++           k - ring of protection from fire
HPRegen 0.28/turn    y - ring of poison resistance
MPRegen 0.20/turn

%: no passive effects
@: no status effects
A: no striking features
a: Renounce Religion


You were on level 8 of the Dungeon.
You worshipped Vehumet.
Vehumet was noncommittal.
You visited 1 branch of the dungeon, and saw 8 of its levels.

You collected 389 gold pieces.

Inventory:

Hand Weapons
 a - a +2 short sword of venom (weapon)
 b - a +1 rapier of draining
Armour
 h - a +0 robe (worn)
Magical Staves
 r - a staff of cold
Jewellery
 k - a ring of protection from fire (left hand)
 o - a ring of fire
 y - a ring of poison resistance (right hand)
Wands
 v - a wand of flame (27)
 x - a wand of polymorph (7)
 z - a wand of paralysis (10)
Scrolls
 e - 5 scrolls of identify {unknown}
 f - a scroll of fog {unknown}
 j - 2 scrolls of enchant armour {unknown}
 q - 2 scrolls of vulnerability {unknown}
 s - 3 scrolls of fear {unknown}
 t - 2 scrolls of teleportation {unknown}
Potions
 c - a potion of degeneration {unknown}
 d - a potion of berserk rage {unknown}
 g - a potion of lignification {unknown}
 i - a potion of attraction {unknown}
 l - a potion of cancellation {unknown}
 m - 2 potions of mutation {unknown}
 p - 3 potions of might {unknown}
 u - a potion of magic
 w - 2 potions of brilliance {unknown}


   Skills:
 + Level 2.4 Fighting
 - Level 2.4 Dodging
 - Level 2.4 Stealth
 * Level 12.1 Spellcasting
 - Level 4.0 Conjurations
 + Level 9.6 Air Magic


You had 25 spell levels left.
You knew the following spells:

 Your Spells              Type           Power      Damage    Failure   Level
a - Shock                 Conj/Air       100%       1d9       1%          1
b - Static Discharge      Conj/Air       98%        3-8/arc   1%          2
c - Airstrike             Air            29%        2d(5-21)  1%          4

Your spell library contained the following spells:

 Spells                   Type           Power      Damage    Failure   Level
 Swiftness                Air            59%        N/A       1%          3
 Apportation              Tloc           30%        N/A       4%          1
 Ensorcelled Hibernation  Hex/Ice        30%        N/A       6%          2
 Jinxbite                 Hex            30%        N/A       6%          2
 Lesser Beckoning         Tloc           30%        N/A       6%          2
 Gell's Gravitas          Tloc           15%        N/A       12%         3
 Passwall                 Erth           15%        N/A       12%         3
 Teleport Other           Tloc           15%        N/A       12%         3
 Alistair's Intoxication  Alch           10%        N/A       73%         5
 Summon Forest            Summ/Tloc      7%         N/A       73%         5
 Summon Mana Viper        Hex/Summ       15%        N/A       73%         5
 Summon Cactus Giant      Summ           7%         N/A       99%         6


Dungeon Overview and Level Annotations

Branches:
Dungeon (8/15)             Temple (0/1) D:6
   Lair: D:8-11

Altars:
Hepliaklqana
Kikubaaqudgha
Sif Muna
Vehumet

Annotations:
D:3 1 runed translucent door, exclusion: door, Crazy Yiuf
D:8 Joseph


Message History

MP restored: 27 You start resting.
HP restored.
Health restored: 49 You climb downwards.
Level annotation: Joseph
There is a stone staircase leading up here.
Casting: Airstrike (dangerous; 1% risk of failure)
Confirm with . or Enter, or press ? or * to list all spells.
You can't see any susceptible monsters within range! (Use Z to cast anyway.)
Casting: Airstrike (dangerous; 1% risk of failure)
Confirm with . or Enter, or press ? or * to list all spells.
Aiming: Airstrike (dangerous; 1% risk of failure)
Press: ? - help, Dir - move target, f - sky beast
Aim: a sky beast (wandering, hasn't noticed you, empty space bonus: 4/8)
The air twists around and strikes the sky beast!
The sky beast is heavily wounded.
You now have 23/27 mp.
Casting: Airstrike (dangerous; 1% risk of failure)
Confirm with . or Enter, or press ? or * to list all spells.
Aiming: Airstrike (dangerous; 1% risk of failure)
Press: ? - help, Dir - move target, f/p - sky beast
Aim: a sky beast (heavily wounded, empty space bonus: 2/8)
The air twists around and strikes the sky beast!
The sky beast is almost dead.
You now have 19/27 mp.
Casting: Airstrike (dangerous; 1% risk of failure)
Confirm with . or Enter, or press ? or * to list all spells.
Aiming: Airstrike (dangerous; 1% risk of failure)
Press: ? - help, Dir - move target, f/p - sky beast
Aim: a sky beast (almost dead, empty space bonus: 2/8)
The air twists around and strikes the sky beast.
The sky beast is almost dead.
You now have 15/27 mp.
Casting: Airstrike (dangerous; 1% risk of failure)
Confirm with . or Enter, or press ? or * to list all spells.
Aiming: Airstrike (dangerous; 1% risk of failure)
Press: ? - help, Dir - move target, f/p - sky beast
Aim: a sky beast (almost dead, empty space bonus: 2/8)
The air twists around and strikes the sky beast!
You kill the sky beast!
Vehumet accepts your kill.
You now have 11/27 mp.
You hear a sizzling splash. x2
Joseph is nearby!
You regained 5 mp, and now have 16/27 mp.
Casting: Airstrike (dangerous; 1% risk of failure)
Confirm with . or Enter, or press ? or * to list all spells.
Okay, then.
Casting: Airstrike (dangerous; 1% risk of failure)
Confirm with . or Enter, or press ? or * to list all spells.
Aiming: Airstrike (dangerous; 1% risk of failure)
Press: ? - help, Dir - move target, f - Joseph
Aim: Joseph, wielding a +0 sling and wearing a +0 ring mail (moderately wounded, wandering, hasn't noticed you, empty space bonus: 4/8)
The air twists around and strikes Joseph!
Joseph shouts!
Joseph is moderately wounded.
Joseph shoots a sling bullet.
The sling bullet barely misses you.
You now have 12/27 mp.
You start resting.
Joseph is nearby!
Joseph unwields a +0 sling.
Joseph wields a +0 quarterstaff.
Joseph barely misses you.
Casting: Airstrike (dangerous; 1% risk of failure)
Confirm with . or Enter, or press ? or * to list all spells.
Joseph is struck by an arc of lightning.
Joseph is heavily wounded.
You are struck by an arc of lightning.
Joseph is struck by an arc of lightning!
Joseph is heavily wounded.
You are struck by an arc of lightning.
The lightning grounds out.
Joseph hits you with a +0 quarterstaff!
You take 17 damage, and have 32/49 hp.
MASSIVE DAMAGE!!
You now have 11/27 mp.
Casting: Static Discharge (safe; 1% risk of failure)
Confirm with . or Enter, or press ? or * to list all spells.
Joseph is struck by an arc of lightning!
Joseph is severely wounded.
You are struck by an arc of lightning.
Joseph is struck by an arc of lightning.
Joseph is severely wounded.
You are struck by an arc of lightning.
The lightning grounds out.
Joseph hits you with a +0 quarterstaff!
* * * LOW HITPOINT WARNING * * *
You take 21 damage, and have 11/49 hp.
MASSIVE DAMAGE!!
You now have 10/27 mp.
You feel better. Joseph hits you with a +0 quarterstaff!
* * * LOW HITPOINT WARNING * * *
You take 5 damage, and have 6/49 hp.
You feel better. Joseph hits you with a +0 quarterstaff.
* * * LOW HITPOINT WARNING * * *
You regained 8 hp, and now have 14/49 hp.
You feel better. Joseph hits you with a +0 quarterstaff!
* * * LOW HITPOINT WARNING * * *
You feel better. Joseph hits you with a +0 quarterstaff!
* * * LOW HITPOINT WARNING * * *
You take 1 damage, and have 13/49 hp.
You feel better. Joseph hits you with a +0 quarterstaff!
* * * LOW HITPOINT WARNING * * *
You take 9 damage, and have 4/49 hp.
You feel better. Joseph hits you with a +0 quarterstaff!
You die...

#.# #.# #.#.. #@#
#.# #.###
###.#####.## #.# #
#..........# #####
#.###
#@#.#####..###.<.#
#....
#).#.###......(#.#
#####
##.###.##...###...#
# ..<.###.....#
##.## #####
##)###.##.#.#
#@####... ...#
#..#.....#.#
#.@?.....#######.#
#.#.###..#.#
######.###.....!..
##)### #..#.#
.#####.# ..).#
#..#.# #{#
##..####...#.......
#.#
#....>...#.#######
#.# #..........#
#.# ############
..#


You could see Joseph.

Vanquished Creatures
  A hornet (D:7)
  Menkaure (D:6)
  A water moccasin (D:6)
  2 orc warriors
  2 sky beasts
  2 ice beasts
  2 black bears
  3 ogres
  2 centaurs
  A phantom (D:6)
  3 bullfrogs
  2 scorpions
  5 wights
  A howler monkey (D:7)
  An electric eel (D:7)
  A bombardier beetle (D:4)
  6 hounds
  2 orc priests
  A jelly (D:8)
  5 iguanas
  A sleepcap (D:4)
  2 orc wizards
  7 adders
  A white imp (D:8)
  2 ufetubi (D:6)
  3 dart slugs (D:4)
  7 orcs
  7 ball pythons
  5 endoplasms
  5 giant cockroaches
  5 goblins
  4 hobgoblins
  6 quokkas
  4 bats
  4 frilled lizards (D:1)
  8 kobolds
  5 rats
120 creatures vanquished.

Vanquished Creatures (others)
  An orc warrior (D:8)
  A centaur (D:8)
  A bullfrog (D:8)
  A gnoll sergeant (D:8)
  An orc wizard (D:8)
  A gnoll (D:8)
  2 orcs (D:8)
8 creatures vanquished.

Grand Total: 128 creatures vanquished

Notes
Turn   | Place    | Note
-------+----------+-------------------------------------------
     0 | D:1      | gimp the Deep Elf Air Elementalist began the quest for the
                  | Orb.
     0 | D:1      | Reached XP level 1. HP: 10/10 MP: 6/6
   329 | D:1      | Reached XP level 2. HP: 9/15 MP: 0/8
  1193 | D:2      | Reached XP level 3. HP: 19/19 MP: 2/10
  1196 | D:2      | Learned a level 2 spell: Static Discharge
  1383 | D:2      | Reached skill level 4 in Spellcasting
  1439 | D:2      | Identified the +0 scale mail of Gexos {rPois Will+ rCorr
                  | Int-4}
  1887 | D:3      | Reached XP level 4. HP: 19/24 MP: 4/12
  1895 | D:3      | Learned a level 4 spell: Airstrike
  2526 | D:3      | Found a runed translucent door.
  2606 | D:3      | Noticed Crazy Yiuf
  3168 | D:4      | Reached skill level 5 in Spellcasting
  3169 | D:4      | Reached XP level 5. HP: 28/28 MP: 8/14
  3176 | D:4      | Reached skill level 5 in Air Magic
  3332 | D:4      | Found a hazy altar of Hepliaklqana.
  3634 | D:4      | Reached XP level 6. HP: 32/32 MP: 12/16
  3697 | D:4      | Reached skill level 6 in Spellcasting
  4194 | D:5      | Entered Level 5 of the Dungeon
  4339 | D:5      | Reached skill level 7 in Spellcasting
  4339 | D:5      | Reached XP level 7. HP: 30/36 MP: 10/19
  4668 | D:5      | Reached skill level 8 in Spellcasting
  4963 | D:6      | Reached XP level 8. HP: 25/41 MP: 7/22
  5115 | D:6      | Noticed Menkaure
  5185 | D:6      | Killed Menkaure
  5253 | D:6      | Reached skill level 9 in Spellcasting
  5521 | D:6      | HP: 2/41 [/static electricity (3)]
  5668 | D:6      | Reached skill level 10 in Spellcasting
  6020 | D:6      | Found a shimmering blue altar of Sif Muna.
  6154 | D:6      | Found a radiant altar of Vehumet.
  6161 | D:6      | Became a worshipper of Vehumet
  6307 | D:6      | Found a staircase to the Ecumenical Temple.
  6517 | D:6      | Found an ancient bone altar of Kikubaaqudgha.
  6625 | D:7      | Noticed a hornet
  6628 | D:7      | Killed a hornet
  6629 | D:7      | Reached skill level 1 in Fighting
  6629 | D:7      | Reached skill level 11 in Spellcasting
  6629 | D:7      | Reached XP level 9. HP: 46/47 MP: 14/26
  8082 | D:8      | Noticed Joseph
  8107 | D:8      | Reached skill level 12 in Spellcasting
  8272 | D:8      | Slain by Joseph

Illustrated notes

Levels and vault maps discovered:
D:1:      moated_graveyard_arrival, layout_basic
D:2:      layout_basic, dreamdust_princess_bridge
D:3:      layout_basic, minmay_misc_feat_tower, uniq_crazy_yiuf_cottage
D:4:      layout_basic, mainiacjoe_overflow_24_doors, serial_glass,
          glass_columns_a, glass_columns_b, kennysheep_potato
D:5:      layout_rooms, bh_walls_and_bars
D:6:      layout_loops_ring, mainiacjoe_overflow_six_doors_small,
          lemuel_round_altar, mainiacjoe_overflow_alcove_1,
          lemuel_temple_firewalk_b, uniq_menkaure
D:7:      cheibrodos_helix_gallery, layout_layer_cave
D:8:      layout_loops_ring, xom_confusion_cloud, mainiacjoe_overflow_alcove_2,
          uniq_psyche, uniq_joseph

Skill      XL: |  1  2  3  4  5  6  7  8  9 |
---------------+----------------------------+-----
Spellcasting   | 4 5 7 8 11 12 | 12.1
Air Magic      | 4 5 6 7 9 |  9.6
Conjurations   | 2 3 4 |  4.0
Fighting       | 1 2 |  2.4
Dodging        | |  2.4
Stealth        | |  2.4

Action                     |  1- 3 |  4- 6 |  7- 9 || total
---------------------------+-------+-------+-------++-------
  Melee: Dagger            |     3 |       |       ||     3
   Cast: Shock             |    67 |    94 |    83 ||   244
         Static Discharge  |     1 |    11 |    29 ||    41
         Airstrike         |       |       |    43 ||    43
    Use: Potion            |       |       |     8 ||     8
 Armour: Robe              |    18 |    24 |    76 ||   118
  Dodge: Dodged            |    18 |     7 |    21 ||    46

Table legend: (Time is in decaauts)
 A = Elapsed time spent in this place.
 B = Non-inter-level travel time spent in this place.
 C = Inter-level travel time spent in this place.
 D = Time resting spent in this place.
 E = Time spent auto-exploring this place.
 F = Levels seen in this place.
 G = Mean time per level.
                   A        B        C        D        E       F      G
               +--------+--------+--------+--------+--------+-----+--------+
         Total |   8270 |   7994 |    276 |    204 |   6969 |   8 | 1033.8 |
       Dungeon |   8270 |   7994 |    276 |    204 |   6969 |   8 | 1033.8 |
               +--------+--------+--------+--------+--------+-----+--------+

Top non-repeatable levels by time:
     D:6: 1829 daAuts
     D:4: 1192 daAuts
     D:1: 1152 daAuts
     D:3: 1119 daAuts
     D:7: 1069 daAuts
     D:2: 727 daAuts
     D:5: 714 daAuts
     D:8: 465 daAuts
